cohdb
Replays
Latest Replays
All Replays
Popular Replays
Top Player Replays
Match Explorer
How It Works
Community
CoH3 Stats
Reddit
Sign in to upload your games and track your stats! →
Sign in with Steam
Match 41762949
Unlisted
Match 41762949
Overview
Messages
Build Orders
End
Construct Infanterie Kompanie
Grenadier Squad
Grenadier Squad
GrW 34 Mortar Team
MG 42 Machine Gun Team
Construct Luftwaffe Kompanie
Selects Luftwaffe Battlegroup
Selects Luftwaffe Pioneer Support
Selects Stuka Strafing Run
221 Scout Car
Stuka Strafing Run
ShiningRay
Turtleboy
嗨呀是我高菌吗
Kanna Scarlet
ドルーギー
Epithancev
strike your finger
Liamster
0
0
Comments
sign in to comment!
No comments posted yet!